 Dungeon Sprint DCSS version 0.28-a0-1395-g4f6bc678fa (webtiles) character file.

Game seed: 5751662457317821971

2700000 HallandMoats the Warrior (level 20, -27/176 HPs)
             Began as a Formicid Monk on Jan 5, 2022.
             Was the Champion of Makhleb.
             Annihilated by a meat berserker (60 damage)
             ... in the Dungeon (Sprint VIII: "Arena of Blood").
             The game lasted 00:01:30 (27 turns).

HallandMoats the Warrior (Formicid Monk)              Turns: 27, Time: 00:01:31

Health: -27/176    AC:  3    Str: 24    XL:     20   Next: 69%
Magic:  6/37       EV: 17    Int: 11    God:    Makhleb [******]
Gold:   0          SH:  0    Dex: 13    Spells: 45/45 levels left

rFire   . . .      SeeInvis +   f - +∞ Axe of Woe
rCold   . . .      Faith    .   (no shield)
rNeg    . . .      Spirit   .   b - +0 robe
rPois   .          Reflect  .   (helmet unavailable)
rElec   .          Harm     .   (no cloak)
rCorr   .          Rampage  .   (no gloves)
Will    ++...                   (no boots)
Stlth   ++++++....              (no amulet)
HPRegen 0.39/turn               (no ring)
MPRegen 0.25/turn               (no ring)

@: no status effects
A: permanent stasis, dig shafts and tunnels, antennae 3, four strong arms
a: Dig, Renounce Religion, Minor Destruction, Lesser Servant of Makhleb, Major
Destruction, Greater Servant of Makhleb


You were in the Dungeon.
You worshipped Makhleb.
Makhleb was exalted by your worship.
You visited 1 branch

Inventory:

Hand Weapons
 a - a +0 hand axe
 f - the +∞ Axe of Woe (weapon)
   (You found it in the Dungeon)
Armour
 b - a +0 robe (worn)
Potions
 c - a potion of curing
 d - a potion of heal wounds
 e - 2 potions of magic


   Skills:
 * Level 20.2 Fighting
 + Level 13.2(15.5) Short Blades
 + Level 13.2(15.5) Long Blades
 + Level 13.6(17.7) Axes
 + Level 13.3(17.6) Maces & Flails
 + Level 13.2(17.5) Polearms
 + Level 13.3(17.5) Staves
 + Level 14.5(16.9) Slings
 + Level 11.3 Bows
 + Level 13.4 Crossbows
 + Level 13.3(15.6) Throwing
 + Level 14.4 Armour
 + Level 12.7 Dodging
 + Level 17.2 Stealth
 + Level 15.7 Shields
 + Level 13.4 Unarmed Combat
 + Level 13.2 Spellcasting
 + Level 12.3 Conjurations
 + Level 15.5 Hexes
 + Level 13.3 Summonings
 + Level 13.5 Necromancy
 + Level 12.2 Translocations
 + Level 14.4 Transmutations
 + Level 13.3 Fire Magic
 + Level 13.5 Ice Magic
 + Level 11.3 Air Magic
 + Level 15.6 Earth Magic
 + Level 17.0 Poison Magic
 + Level 15.5 Invocations
 + Level 14.5 Evocations


You had 45 spell levels left.
You didn't know any spells.
Your spell library was empty.

Dungeon Overview and Level Annotations

Branches:
Dungeon (1/1)

Altars:
Makhleb


Innate Abilities, Weirdness & Mutations

You cannot be hasted, slowed, berserked, paralysed or teleported.
You can dig through walls and to a lower floor.
You have a pair of large antennae on your head. (SInv)
Your four strong arms can wield two-handed weapons with a shield.


Message History

You hear a shout!
The bag of meat hits you with a +9 war axe!!
You hear a shout! x2
Things that are here:
a +9 war axe; a +30 ring of slaying Unknown command.
You slice the bag of meat!!
You dissect the bag of meat like a pig carcass.
You kill the bag of meat!
Makhleb accepts your kill.
You feel better.
You hear a shout! x5
A meat berserker comes into view. It is wielding a +9 battleaxe.
You hear a shout! x3
Your Poison Magic skill increases to level 17!
Unknown command.
Unknown command.
Unknown command.
You hear a shout! x10; You hear two shouts!
Unknown command.
An orc and a two-headed ogre come into view.
You hear a shout! x5
The meat berserker is engulfed in blazing flames.
The meat berserker rages.
You hear a shout!
A destroyer comes into view. It is wielding a +9 vorpal great sword.
The large bag of meat moves out of view.
You hear a shout! x2
The meat berserker is engulfed in blazing flames.
You hear a shout! x5; The destroyer shouts!
The meat berserker is engulfed in blazing flames.
You hear a shout! x9
The meat berserker hits you with a +9 battleaxe!!!
* * * LOW HITPOINT WARNING * * *
The meat berserker is engulfed in blazing flames.
The large bag of meat shouts in stereo!
Found a ring of see invisible.
You hear a shout! x3
The meat berserker hits you with a +9 battleaxe!!!
You die...

......#)#.........
.###.☼)§)..###....
#.§)§)..#.....o
..#.☼☼)...#......
.......)..........
........O......#
..........O...#..
.....O..oO..##...
..#.......@#....O.
......o....#...###
##.#....... ....
....V...... ....
...#.....####...
.......... .
.........
....=....


You could see a destroyer, a large bag of meat (inner flame), 3 meat berserkers
and 3 bags of meat.

Vanquished Creatures
  5 ogres (D)
  A two-headed ogre (D)
  28 orcs (D)
34 creatures vanquished.

Notes
Turn   | Place    | Note
-------+----------+-------------------------------------------
     0 | D        | Found the +∞ Axe of Woe
     0 | D        | HallandMoats the Formicid Monk began the quest for the Orb.
     0 | D        | Reached XP level 1. HP: 18/18 MP: 1/1
     1 | D        | Noticed a bag of meat
     2 | D        | Noticed a meat berserker
     3 | D        | Became a worshipper of Makhleb the Destroyer
     3 | D        | Reached * piety under Makhleb
     3 | D        | Reached ** piety under Makhleb
     4 | D        | Noticed a meat berserker
     5 | D        | Noticed a bag of meat
     5 | D        | Noticed a bag of meat
     6 | D        | Noticed a bag of meat
     6 | D        | Noticed a bag of meat
     6 | D        | Noticed a bag of meat
     7 | D        | Killed a meat berserker
     7 | D        | Killed a meat berserker
     7 | D        | Killed a bag of meat
     7 | D        | Noticed a bag of meat
     7 | D        | Noticed a bag of meat
     7 | D        | Noticed a bag of meat
     7 | D        | Noticed a bag of meat
     7 | D        | Noticed a bag of meat
     7 | D        | Noticed a meat berserker
     7 | D        | Noticed a bag of meat
     8 | D        | Reached skill level 11 in Fighting
     8 | D        | Reached skill level 5 in Bows
     8 | D        | Reached skill level 5 in Air Magic
     8 | D        | Reached XP level 2. HP: 35/37 MP: 1/9
     8 | D        | Reached XP level 3. HP: 41/43 MP: 1/11
     8 | D        | Reached XP level 4. HP: 48/50 MP: 1/12
     8 | D        | Reached XP level 5. HP: 54/56 MP: 1/14
     8 | D        | Reached XP level 6. HP: 59/62 MP: 1/15
     8 | D        | Reached XP level 7. HP: 65/68 MP: 1/16
     8 | D        | Reached XP level 8. HP: 72/75 MP: 1/17
     8 | D        | Reached XP level 9. HP: 78/81 MP: 1/18
     8 | D        | Reached XP level 10. HP: 84/88 MP: 1/19
     8 | D        | Reached XP level 11. HP: 89/93 MP: 1/20
     8 | D        | Reached XP level 12. HP: 96/100 MP: 1/21
     8 | D        | Reached XP level 13. HP: 102/106 MP: 1/22
     8 | D        | Reached XP level 14. HP: 109/113 MP: 1/23
     8 | D        | Killed a bag of meat
     8 | D        | Reached *** piety under Makhleb
     8 | D        | Noticed a meat berserker
     8 | D        | Noticed a bag of meat
     8 | D        | Noticed a bag of meat
     9 | D        | Killed a bag of meat
     9 | D        | Killed a bag of meat
     9 | D        | Noticed a bag of meat
     9 | D        | Noticed a bag of meat
     9 | D        | Noticed a bag of meat
     9 | D        | Noticed a bag of meat
     9 | D        | Noticed a bag of meat
     9 | D        | Noticed a bag of meat
    10 | D        | Reached skill level 12 in Fighting
    10 | D        | Reached skill level 10 in Stealth
    10 | D        | Reached XP level 15. HP: 87/122 MP: 1/26
    10 | D        | Reached **** piety under Makhleb
    11 | D        | Reached skill level 13 in Fighting
    11 | D        | Reached skill level 10 in Poison Magic
    11 | D        | Killed a meat berserker
    12 | D        | Reached skill level 10 in Shields
    12 | D        | Reached skill level 10 in Hexes
    12 | D        | Reached skill level 10 in Earth Magic
    12 | D        | Reached skill level 10 in Invocations
    12 | D        | Reached XP level 16. HP: 132/132 MP: 2/28
    12 | D        | Killed a meat berserker
    12 | D        | Reached ***** piety under Makhleb
    13 | D        | Reached skill level 14 in Fighting
    13 | D        | Reached skill level 10 in Slings
    13 | D        | Reached skill level 10 in Armour
    13 | D        | Reached skill level 10 in Transmutations
    13 | D        | Reached skill level 10 in Evocations
    14 | D        | Reached skill level 16 in Fighting
    14 | D        | Reached skill level 10 in Short Blades
    14 | D        | Reached skill level 10 in Long Blades
    14 | D        | Reached skill level 10 in Axes
    14 | D        | Reached skill level 10 in Maces & Flails
    14 | D        | Reached skill level 10 in Polearms
    14 | D        | Reached skill level 10 in Staves
    14 | D        | Reached skill level 10 in Crossbows
    14 | D        | Reached skill level 10 in Throwing
    14 | D        | Reached skill level 10 in Dodging
    14 | D        | Reached skill level 10 in Unarmed Combat
    14 | D        | Reached skill level 10 in Spellcasting
    14 | D        | Reached skill level 10 in Summonings
    14 | D        | Reached skill level 10 in Necromancy
    14 | D        | Reached skill level 10 in Fire Magic
    14 | D        | Reached skill level 10 in Ice Magic
    14 | D        | Reached XP level 17. HP: 125/144 MP: 2/31
    14 | D        | Reached ****** piety under Makhleb
    15 | D        | Reached skill level 17 in Fighting
    15 | D        | Reached skill level 10 in Conjurations
    15 | D        | Reached skill level 10 in Translocations
    15 | D        | Reached XP level 18. HP: 155/155 MP: 2/33
    15 | D        | Noticed a meat berserker
    16 | D        | Reached skill level 15 in Stealth
    16 | D        | Reached XP level 19. HP: 163/163 MP: 3/34
    17 | D        | Reached skill level 18 in Fighting
    17 | D        | Reached skill level 10 in Bows
    17 | D        | Reached skill level 10 in Air Magic
    17 | D        | Reached skill level 15 in Poison Magic
    18 | D        | Noticed a large bag of meat
    19 | D        | Reached skill level 19 in Fighting
    19 | D        | Killed a meat berserker
    19 | D        | Noticed a meat berserker
    20 | D        | Reached skill level 15 in Shields
    20 | D        | Reached skill level 15 in Hexes
    20 | D        | Reached skill level 15 in Earth Magic
    20 | D        | Reached skill level 15 in Invocations
    20 | D        | Reached XP level 20. HP: 176/176 MP: 4/36
    20 | D        | Killed a large bag of meat
    20 | D        | Noticed a large bag of meat
    21 | D        | Reached skill level 20 in Fighting
    21 | D        | Noticed a meat berserker
    22 | D        | Noticed a meat berserker
    24 | D        | Noticed a large bag of meat
    24 | D        | Noticed a destroyer
    27 | D        | Annihilated by a meat berserker

Illustrated notes

Levels and vault maps discovered:
D:        meatsprint

Skill      XL: |  1  2  3  4  5  6  7  8  9 10 11 12 13 14 15 16 17 18 19 20 |
---------------+-------------------------------------------------------------+-----
Fighting       | 11 12 13 16 17 19 20 | 20.2
Short Blades   | 6 7 8 10 11 12 13 | 13.2
Long Blades    | 6 7 8 10 11 12 13 | 13.2
Axes           | 7 8 9 10 11 12 13 | 13.6
Maces & Flails | 6 7 8 10 11 12 13 | 13.3
Polearms       | 6 7 8 10 11 12 13 | 13.2
Staves         | 6 7 8 10 11 12 13 | 13.3
Slings         | 7 8 9 11 12 14 | 14.5
Bows           | 5 6 7 8 9 11 | 11.3
Crossbows      | 6 7 8 10 11 13 | 13.4
Throwing       | 6 7 8 10 11 12 13 | 13.3
Armour         | 7 8 9 11 12 13 14 | 14.4
Dodging        | 7 8 10 11 12 | 12.7
Stealth        | 9 10 11 13 14 15 16 17 | 17.2
Shields        | 8 9 10 12 13 15 | 15.7
Unarmed Combat | 6 7 8 10 11 13 | 13.4
Spellcasting   | 6 7 8 10 11 12 13 | 13.2
Conjurations   | 6 7 9 10 12 | 12.3
Hexes          | 7 9 10 12 13 15 | 15.5
Summonings     | 6 7 8 10 11 12 13 | 13.3
Necromancy     | 6 7 8 10 11 13 | 13.5
Translocations | 6 7 9 10 11 12 | 12.2
Transmutations | 7 8 9 11 12 14 | 14.4
Fire Magic     | 6 7 8 10 11 12 13 | 13.3
Ice Magic      | 7 8 9 10 11 13 | 13.5
Air Magic      | 5 6 7 8 9 10 11 | 11.3
Earth Magic    | 7 9 10 12 13 15 | 15.6
Poison Magic   | 8 9 11 13 14 16 17 | 17.0
Invocations    | 7 9 10 12 13 15 | 15.5
Evocations     | 7 8 9 11 12 14 | 14.5

Action                   |  1- 3 |  4- 6 |  7- 9 | 10-12 | 13-15 | 16-18 | 19-21 || total
-------------------------+-------+-------+-------+-------+-------+-------+-------++-------
Melee: Executioner's axe |     1 |       |       |       |     4 |     4 |     5 ||    14
 Abil: Dig               |     1 |       |       |       |       |       |       ||     1
Dodge: Dodged            |       |       |       |       |     1 |     1 |       ||     2

Table legend: (Time is in decaauts)
 A = Elapsed time spent in this place.
 B = Non-inter-level travel time spent in this place.
 C = Inter-level travel time spent in this place.
 D = Time resting spent in this place.
 E = Time spent auto-exploring this place.
 F = Levels seen in this place.
 G = Mean time per level.
                   A        B        C        D        E       F      G
               +--------+--------+--------+--------+--------+-----+--------+
         Total |     29 |     29 |      0 |      0 |      0 |   1 |   29.0 |
       Dungeon |     29 |     29 |      0 |      0 |      0 |   1 |   29.0 |
               +--------+--------+--------+--------+--------+-----+--------+

Top non-repeatable levels by time:
       D: 29 daAuts
